 Dungeon Crawl Stone Soup version 0.21-a0-91-ga5031da (webtiles) character file.

5966 Ordine the Carver (level 10, 0/73 HPs)
             Began as an Octopode Fighter on June 30, 2017.
             Was a High Priest of Okawaru.
             Slain by a two-headed ogre
             ... wielding a +0 giant spiked club
              (18 damage)
             ... on level 9 of the Dungeon.
             The game lasted 00:25:32 (11340 turns).

Ordine the Carver (Octopode Fighter)               Turns: 11340, Time: 00:25:33

Health: 0/73       AC:  1    Str: 15    XL:     10   Next: 84%
Magic:  10/10      EV: 14    Int: 13    God:    Okawaru [*****.]
Gold:   213        SH:  8    Dex: 17    Spells: 9/9 levels left

rFire    . . .     SeeInvis +   a - +1 long sword
rCold    + . .     Gourm    .   t - +1 buckler "Jacecsis" {rElec Dex+4}
rNeg     . . .     Faith    .   (helmet restricted)
rPois    .         Spirit   .   (no amulet)
rElec    +         Reflect  .   l - ring of protection from cold
rCorr    .         Harm     .   r - ring of see invisible
MR       .....                  (no ring)
Stlth    +++.......             (no ring)
HPRegen  0.22/turn              (no ring)
MPRegen  0.12/turn              (no ring)
                                (no ring)
                                (no ring)

@: no status effects
A: almost no armour, stealthy swim, amphibious, 8 rings, constrict 8, camouflage
1, gelatinous body 1
a: Heroism, Finesse, Renounce Religion


You were on level 9 of the Dungeon.
You worshipped Okawaru.
Okawaru was extremely pleased with you.
You were not hungry.

You visited 2 branches of the dungeon, and saw 10 of its levels.

You collected 382 gold pieces.
You spent 169 gold pieces at shops.

Inventory:

Hand Weapons
 a - a +1 long sword (weapon)
Missiles
 k - 232 stones (quivered)
 B - 9 poisoned needles
Armour
 b - a +1 shield
 t - the +1 buckler "Jacecsis" (worn) {rElec Dex+4}
   (You found it on level 5 of the Dungeon)

   It affects your dexterity (+4).
   It insulates you from electricity.
Magical Staves
 D - an uncursed staff of earth
Jewellery
 e - an uncursed amulet of regeneration {unknown}
 i - an uncursed ring of stealth
 l - a ring of protection from cold (left tentacle)
 r - a ring of see invisible (right tentacle)
 C - an uncursed ring of ice {unknown}
Wands
 c - a wand of disintegration (15/24)
 s - a wand of iceblast (13/15)
 u - a wand of confusion (28/48)
 v - a wand of polymorph (12/24)
 w - a wand of random effects (25/48)
 A - a wand of flame (33/48)
Scrolls
 m - 2 scrolls of recharging
 o - a scroll of enchant weapon
 q - a scroll of fog
 x - 2 scrolls of amnesia
 y - 3 scrolls of teleportation
Potions
 f - 2 potions of curing
 g - 2 potions of brilliance
 h - 2 potions of cancellation
 j - a potion of haste
 z - a potion of mutation
 G - a potion of flight {unknown}
 H - a potion of lignification
Books
 I - a Young Poisoner's Handbook

   Spells                             Type                      Level
   a - Sting                          Conjuration/Poison           1
   b - Poisonous Vapours              Poison/Air                   2
   c - Mephitic Cloud                 Conjuration/Poison/Air       3
   d - Olgreb's Toxic Radiance        Poison                       4
   e - Venom Bolt                     Conjuration/Poison           5
Comestibles
 d - 8 bread rations
 n - 7 royal jellies
 p - 6 meat rations
 F - a fruit


   Skills:
 + Level 8.6 Fighting
 * Level 11.2 Long Blades
 - Level 3.0 Dodging
 + Level 8.8 Shields


You had 9 spell levels left.
You didn't know any spells.

Dungeon Overview and Level Annotations

Branches:
Dungeon (9/15)             Temple (1/1) D:4
   Lair: D:8-11         Orc: D:9-12

Altars:
Ashenzari
Cheibriados
Dithmenos
Elyvilon
Fedhas
Gozag
Hepliaklqana
Kikubaaqudgha
Makhleb
Nemelex Xobeh
Okawaru
Qazlal
Ru
Sif Muna
Trog
Uskayaw
Vehumet
Wu Jian
Xom
Yredelemnul
Zin
The Shining One

Shops:
D:4 [%?[[

Annotations:
D:7 exclusion: door
D:9 exclusion: two-headed ogre


Innate Abilities, Weirdness & Mutations

You cannot wear most types of armour.
You are very stealthy in the water. (Stealth+)
You are amphibious.
You can wear up to eight rings at the same time.
You can use your tentacles to constrict eight enemies at once.
Your skin changes colour to match your surroundings (Stealth+).
Your rubbery body absorbs attacks. (AC +1, EV +1)


Message History

The two-headed ogre barely misses you.
The two-headed ogre hits you with a giant spiked club!
You hit the two-headed ogre but do no damage.
The two-headed ogre is heavily wounded.
You block the two-headed ogre's attack. x2
You slash the two-headed ogre!
The two-headed ogre is severely wounded.
The two-headed ogre misses you. x2
You slash the two-headed ogre!
The two-headed ogre is severely wounded.
The two-headed ogre hits you with a giant spiked club!
The two-headed ogre hits you with a giant spiked club!!
* * * LOW HITPOINT WARNING * * *
You hit the two-headed ogre.
The two-headed ogre is severely wounded.
You block the two-headed ogre's attack. The two-headed ogre misses you.
You barely miss the two-headed ogre.
The two-headed ogre is severely wounded.
The two-headed ogre hits you with a giant spiked club!!
You die...

#################################
.................................
....##..................######...
....##....###...######..# #..#
....##....# #...# #..# #..#
....##....# #...# #..# #..#
....##....###...######..# #..#
....##.........O@.......#### #...
.................................
.............................O...
####.....#'#######'##########....
#.....#..........# ..##
#.###.#..........# ..
#.....#..........# ..
#.....############ ... #######
###


You could see a two-headed ogre.

Vanquished Creatures
  Pikel (D:8)
  The ghost of Ordine the Slasher, a novice OpFi (D:7)
  A troll (D:9)
  4 hogs
  A human (D:8)
  A hungry ghost (D:7)
  4 ice beasts (D:8)
  2 black bears (D:7)
  2 sky beasts (D:6)
  3 ogres
  2 orc warriors
  A necrophage (D:8)
  3 centaurs
  Blork the orc (D:4)
  2 big kobolds
  9 bullfrogs
  A gnoll sergeant (D:7)
  A scorpion (D:7)
  3 wights
  A quasit (D:4)
  2 crimson imps
  A bullfrog zombie (D:7)
  6 orc priests
  2 hounds
  A gnoll shaman (D:6)
  A centaur skeleton (D:7)
  A jelly (D:8)
  13 orc wizards
  Crazy Yiuf (D:4)
  An iguana (D:5)
  Ijyb (D:4)
  Terence (D:2)
  10 worker ants
  A howler monkey zombie (D:8)
  3 hound skeletons
  A worker ant zombie (D:5)
  12 gnolls
  12 adders
  A howler monkey skeleton (D:8)
  3 shadow imps
  An ooze (D:3)
  3 adder skeletons
  5 worms
  4 dart slugs
  9 leopard geckos
  23 orcs
  6 bats
  2 giant cockroaches
  6 goblins
  8 hobgoblins
  9 jackals
  8 quokkas
  2 ball pythons
  9 frilled lizards
  12 kobolds
  2 leopard gecko skeletons
  A quokka skeleton (D:7)
  3 rats
231 creatures vanquished.

Vanquished Creatures (others)
  A slave (D:8)
  A centaur (D:7)
  A leopard gecko (D:8)
3 creatures vanquished.

Grand Total: 234 creatures vanquished

Notes
Turn   | Place    | Note
-------+----------+-------------------------------------------
     0 | D:1      | Ordine the Octopode Fighter began the quest for the Orb.
     0 | D:1      | Reached XP level 1. HP: 16/16 MP: 1/1
   449 | D:1      | Reached XP level 2. HP: 21/21 MP: 2/2
   833 | D:1      | Reached XP level 3. HP: 7/26 MP: 3/3
  1151 | D:1      | Reached skill level 3 in Long Blades
  1543 | D:2      | Reached XP level 4. HP: 31/31 MP: 4/4
  1565 | D:2      | Noticed Terence
  1582 | D:2      | Killed Terence
  1916 | D:3      | Reached XP level 5. HP: 28/37 MP: 5/5
  1920 | D:3      | Reached skill level 4 in Long Blades
  2198 | D:3      | Reached XP level 6. HP: 43/43 MP: 6/6
  2383 | D:3      | You fall through a shaft for 2 floors!
  2383 | D:5      | Entered Level 5 of the Dungeon
  2416 | D:5      | Got an encrusted buckler
  2461 | D:5      | Noticed a sky beast
  2633 | D:4      | Found Zousyffi's Antique Armour Shop.
  2678 | D:4      | Noticed Blork the orc
  2769 | D:3      | Identified the +1 buckler "Jacecsis" {rElec Dex+4} (You found it on level 5 of the Dungeon)
  2904 | D:4      | Noticed Ijyb
  2914 | D:4      | Killed Ijyb
  2914 | D:4      | Reached skill level 5 in Long Blades
  2940 | D:4      | Found Zeypatae's Magic Scroll Boutique.
  2942 | D:4      | Bought a scroll of fog for 26 gold pieces
  2942 | D:4      | Bought a scroll of identify for 26 gold pieces
  2942 | D:4      | Bought a scroll of identify for 26 gold pieces
  2942 | D:4      | Bought a scroll of identify for 26 gold pieces
  2942 | D:4      | Bought a scroll of identify for 26 gold pieces
  2942 | D:4      | Bought a scroll of teleportation for 39 gold pieces
  2958 | D:4      | Found Egruz's Armour Boutique.
  3273 | D:4      | Found Seul's Food Boutique.
  3310 | D:4      | Killed Blork the orc
  3310 | D:4      | Reached XP level 7. HP: 49/49 MP: 7/7
  3338 | D:4      | Found Gaefani's Antique Armour Boutique.
  3422 | D:4      | Found a runed door.
  3426 | D:4      | Noticed Crazy Yiuf
  3431 | D:4      | Killed Crazy Yiuf
  3627 | D:4      | Reached skill level 5 in Fighting
  3713 | D:4      | Found a staircase to the Ecumenical Temple.
  3722 | Temple   | Entered the Ecumenical Temple
  3813 | Temple   | Became a worshipper of Warmaster Okawaru
  4107 | D:5      | Reached skill level 5 in Shields
  4136 | D:5      | Reached skill level 6 in Long Blades
  4718 | D:5      | Reached * piety under Okawaru
  4718 | D:5      | Reached XP level 8. HP: 38/56 MP: 8/8
  4862 | D:5      | You fall through a shaft for 2 floors!
  5599 | D:6      | Reached skill level 7 in Long Blades
  5825 | D:6      | Found a shattered altar of Ashenzari.
  6131 | D:6      | Reached ** piety under Okawaru
  6519 | D:6      | Reached skill level 8 in Long Blades
  6519 | D:6      | Reached XP level 9. HP: 56/63 MP: 9/9
  6673 | D:7      | Noticed Ordine's ghost (novice OpFi)
  6685 | D:7      | Killed Ordine's ghost
  6926 | D:7      | Reached skill level 9 in Long Blades
  7159 | D:7      | Reached *** piety under Okawaru
  8667 | D:8      | Reached XP level 10. HP: 23/71 MP: 10/10
  8881 | D:8      | Reached skill level 10 in Long Blades
  8944 | D:8      | HP: 3/108 [ogre/giant club (6)]
  9727 | D:8      | Reached **** piety under Okawaru
 10465 | D:8      | Found a stormy altar of Qazlal.
 10465 | D:8      | Found an ancient bone altar of Kikubaaqudgha.
 10485 | D:8      | Found a white marble altar of Elyvilon.
 10485 | D:8      | Found an ornate altar of the Wu Jian Council.
 10520 | D:8      | Noticed Pikel
 10523 | D:8      | Found a hide-covered altar of Uskayaw.
 10531 | D:8      | Killed Pikel
 10757 | D:8      | Found a burning altar of Makhleb.
 10763 | D:8      | Reached skill level 11 in Long Blades
 10959 | D:9      | Noticed a two-headed ogre
 11017 | D:9      | Reached ***** piety under Okawaru
 11305 | D:9      | Noticed a two-headed ogre
 11340 | D:9      | Slain by a two-headed ogre

Vault maps used:
D:1:      shiori_shiawase
D:2:      minmay_tetromino_o2, uniq_terence
D:3:      first_bread
D:4:      lemuel_temple_firewalk_b, serial_shops, nicolae_shop_waterfront, shop,
          nicolae_shop_crystal, nicolae_shop_temple_entry_statues_fountains,
          nicolae_shop_window_shopping, minmay_crystal_water,
          minmay_stone_trees_small, uniq_blork_the_orc, uniq_ijyb,
          uniq_crazy_yiuf_cottage
D:5:      portal_sewer_entry_d, grunt_tough_drop
D:6:      ashenzari_altar_1
D:7:      lemuel_ice_spiral_2
D:8:      grunt_temple_overflow_cloverleaf, makhleb_blood_cavern_becter,
          basic_altar, grunt_livestock, uniq_pikel
D:9:      kennysheep_windowed_goal
Temple:   eino_temple_scatter_basement

Skill      XL: |  1  2  3  4  5  6  7  8  9 10 |
---------------+-------------------------------+-----
Long Blades    | 3 4 5 6 8 9 11 | 11.2
Fighting       | 4 5 6 7 8 |  8.6
Shields        | 4 5 6 7 8 |  8.8
Dodging        | |  3.0

Action                   |  1- 3 |  4- 6 |  7- 9 | 10-12 || total
-------------------------+-------+-------+-------+-------++-------
Melee: Long sword        |    55 |    96 |   251 |   178 ||   580
       Constrict         |    17 |    28 |    72 |    39 ||   156
       Tentacles         |    11 |    27 |    81 |    56 ||   175
Throw: Stone             |       |       |    14 |       ||    14
  Use: Scroll            |     3 |    14 |     1 |     1 ||    19
       Potion            |       |       |     6 |     1 ||     7
 Stab: Sleeping          |     8 |    10 |     7 |     3 ||    28
       Distracted        |       |       |     1 |       ||     1
  Eat: Chunk             |     2 |     5 |    18 |     9 ||    34
       Fruit             |       |       |       |     1 ||     1
Armor: Skin              |     2 |     7 |    12 |     4 ||    25
Dodge: Dodged            |    22 |    52 |   134 |    75 ||   283
Block: Shield            |    13 |       |       |       ||    13
       Buckler           |     1 |    18 |    83 |    55 ||   157
       Rpst.: Long sword |     8 |    12 |    44 |    12 ||    76
